 Dungeon Sprint DCSS version 0.30-a0-1160-g6e42c06551 (webtiles) character file.

Game seed: 2589502845017887992

148 fozzywoppz the Covert (level 5, -3/36 HPs)
             Began as a Spriggan Enchanter on Apr 25, 2023.
             Was an Initiate of Jiyva.
             Slain by a white imp (5 damage)
             ... in the Dungeon (Sprint VII: "The Pits").
             The game lasted 00:02:43 (233 turns).

fozzywoppz the Covert (Spriggan Enchanter)           Turns: 233, Time: 00:02:44

Health: -3/36      AC:  2    Str:  6    XL:     5   Next: 8%
Magic:  10/13      EV: 20    Int: 17    God:    Jiyva [......]
Gold:   0          SH:  0    Dex: 15    Spells: 12/14 levels left

rFire   . . .        l - +2 dagger
rCold   . . .        (no shield)
rNeg    . . .        b - +0 robe
rPois   .            (helmet restricted)
rElec   .            (no cloak)
rCorr   .            (gloves unavailable)
SInv    +            (boots unavailable)
Will    .....        (no amulet) Stlth
                     (no ring)
HPRegen 0.26/turn    (no ring)
MPRegen 0.13/turn

%: no teleportation
@: berserking, very quick
A: very small, no large weapons, unfitting armour, see invisible, speed 3
a: Renounce Religion


You were in the Dungeon.
You worshipped Jiyva.
Jiyva was noncommittal.
You visited 1 branch

Inventory:

Hand Weapons
 l - a +2 dagger (weapon)
Armour
 b - a +0 robe (worn)
Scrolls
 i - a scroll of blinking
 j - 5 scrolls of amnesia
 k - a scroll of butterflies
Potions
 c - 4 potions of invisibility
 e - a potion of heal wounds
 f - a potion of haste
 g - 4 potions of magic
 h - a potion of berserk rage


   Skills:
 + Level 5.3 Short Blades
 + Level 6.7 Dodging
 + Level 8.7 Stealth
 - Level 5.0 Spellcasting
 + Level 6.7 Hexes


You had 12 spell levels left.
You knew the following spells:

 Your Spells              Type           Power      Damage    Failure   Level
a - Ensorcelled Hibernat  Hex/Ice        30%        N/A       5%          2

Your spell library contained the following spells:

 Spells                   Type           Power      Damage    Failure   Level
 Confusing Touch          Hex            27%        N/A       2%          3
 Tukima's Dance           Hex            27%        N/A       2%          3
 Dazzling Flash           Conj/Hex       30%        N/A       11%         3


Dungeon Overview and Level Annotations

Branches:
Dungeon (1/1)

Altars:
Ashenzari
Cheibriados
Dithmenos
Elyvilon
Fedhas
Gozag
Hepliaklqana
Kikubaaqudgha
Makhleb
Nemelex Xobeh
Okawaru
Qazlal
Ru
Sif Muna
Trog
Uskayaw
Vehumet
Wu Jian
Xom
Yredelemnul
Zin
The Shining One
Jiyva
Lugonu


Innate Abilities, Weirdness & Mutations

You are very small and have problems with some larger weapons.
You are too small for most types of armour.
You have supernaturally acute eyesight. (SInv)
You cover ground extremely quickly. (Speed+++)


Message History

The gnoll is heavily wounded.
The white imp misses you. The gnoll closely misses you.
You barely miss the gnoll.
The gnoll is heavily wounded.
The adder skeleton completely misses you.
You barely miss the gnoll.
The gnoll is heavily wounded.
The gnoll misses you. The adder skeleton closely misses you.
The white imp gestures at you. The puff of frost hits you!
* * * LOW HITPOINT WARNING * * *
A red film seems to cover your vision as you go berserk!
You feel yourself moving faster!
You feel mighty!
The adder skeleton completely misses you.
The gnoll barely misses you. The white imp barely misses you.
You barely miss the gnoll.
The gnoll is heavily wounded.
The adder skeleton closely misses you. The gnoll completely misses you.
The white imp hits you.
* * * LOW HITPOINT WARNING * * *
The white imp freezes you.
* * * LOW HITPOINT WARNING * * *
You hit the gnoll.
The gnoll is severely wounded.
You hit the gnoll.
You kill the gnoll!
The adder skeleton bites you.
* * * LOW HITPOINT WARNING * * *
The white imp shouts, "Out, out, thou dissembling moldwarp sissy-prig!"
The white imp completely misses you.
Unknown command.
You puncture the white imp!
The white imp is almost dead.
You closely miss the white imp.
The white imp is almost dead.
The adder skeleton completely misses you.
The white imp hits you.
* * * LOW HITPOINT WARNING * * *
The white imp freezes you.
You die...

#'#####'#####......#..
#.#..†..# #.........
#.#.....# ####'#####
#.###'### #.......#
#.#.....# #.......#
#.#.....# #.......#
#.####'##+###...<...#
#†.5)....##.......#
#.Z@.....##.......#
###########.......#
#########


You could see a white imp and an adder skeleton.

Vanquished Creatures
  2 scorpions (D)
  A gnoll (D)
  An adder (D)
  2 ufetubi (D)
  A ball python (D)
7 creatures vanquished.

Vanquished Creatures (others)
  A Killer Klown (D)
  A pearl dragon (D)
  An electric golem (D)
  2 acid blobs (D)
  2 azure jellies (D)
  A deep elf demonologist (D)
  A great orb of eyes (D)
  A hell beast (D)
  An eye of devastation (D)
  5 slime creatures (D)
  2 jellies (D)
  An orc wizard (D)
19 creatures vanquished.

Grand Total: 26 creatures vanquished

Notes
Turn   | Place    | Note
-------+----------+-------------------------------------------
     0 | D        | fozzywoppz the Spriggan Enchanter began the quest for the
                  | Orb.
     0 | D        | Reached XP level 1. HP: 9/9 MP: 5/5
    26 | D        | Reached skill level 5 in Stealth
    26 | D        | Reached XP level 2. HP: 7/13 MP: 7/7
    99 | D        | Found a glowing golden altar of the Shining One.
    99 | D        | Found a glowing silver altar of Zin.
    99 | D        | Found a basalt altar of Yredelemnul.
    99 | D        | Found a shimmering altar of Xom.
    99 | D        | Found an ornate altar of the Wu Jian Council.
    99 | D        | Found a bloodstained altar of Trog.
    99 | D        | Found a shimmering blue altar of Sif Muna.
    99 | D        | Found a sacrificial altar of Ru.
    99 | D        | Found a stormy altar of Qazlal.
    99 | D        | Found an iron altar of Okawaru.
    99 | D        | Found a sparkling altar of Nemelex Xobeh.
    99 | D        | Found a burning altar of Makhleb.
    99 | D        | Found a viscous altar of Jiyva.
    99 | D        | Found a hazy altar of Hepliaklqana.
    99 | D        | Found an opulent altar of Gozag.
    99 | D        | Found a blossoming altar of Fedhas.
    99 | D        | Found a white marble altar of Elyvilon.
    99 | D        | Found a shadowy altar of Dithmenos.
    99 | D        | Found a snail-covered altar of Cheibriados.
   100 | D        | Found a radiant altar of Vehumet.
   100 | D        | Found a corrupted altar of Lugonu.
   101 | D        | Found a hide-covered altar of Uskayaw.
   101 | D        | Found an ancient bone altar of Kikubaaqudgha.
   101 | D        | Found a broken altar of Ashenzari.
   114 | D        | Became a worshipper of Jiyva Juselito the Shapeless
   117 | D        | Killed a slime creature
   118 | D        | Killed a deep elf demonologist
   119 | D        | Killed a slime creature
   121 | D        | Killed a slime creature
   122 | D        | Killed an azure jelly
   123 | D        | Killed an electric golem
   124 | D        | Killed a slime creature
   125 | D        | Noticed a scorpion
   126 | D        | Killed a slime creature
   130 | D        | Killed an acid blob
   131 | D        | Killed a great orb of eyes
   142 | D        | Killed an eye of devastation
   149 | D        | Killed a scorpion
   150 | D        | Reached skill level 5 in Dodging
   150 | D        | Reached skill level 7 in Stealth
   150 | D        | Reached skill level 5 in Hexes
   150 | D        | Reached XP level 3. HP: 11/16 MP: 8/10
   150 | D        | Reached XP level 4. HP: 14/21 MP: 8/11
   164 | D        | Killed a Killer Klown
   166 | D        | Killed a hell beast
   166 | D        | Killed an azure jelly
   189 | D        | Killed a pearl dragon
   199 | D        | Reached skill level 5 in Spellcasting
   201 | D        | Killed an acid blob
   210 | D        | Learned a level 2 spell: Ensorcelled Hibernation
   211 | D        | Noticed a scorpion
   214 | D        | Killed a scorpion
   215 | D        | Reached skill level 5 in Short Blades
   215 | D        | Reached skill level 8 in Stealth
   215 | D        | Reached XP level 5. HP: 24/24 MP: 13/13
   233 | D        | Slain by a white imp

Illustrated notes

Levels and vault maps discovered:
D:        pitsprint [storerooms_1, entrance_room_1, metal_vault_2, armoury_2,
          mini_pit_1, grid_room_1, main_hall_1, silver_pit, the_coven_2,
          the_vestibule_1, steel_vault_1, golden_pit, hallway_of_sentries,
          crystal_vault_2, iron_vault_1, final_vault]

Skill      XL: |  1  2  3  4 |
---------------+-------------+-----
Short Blades   | 2 3 5 |  5.3
Dodging        | 3 5 6 |  6.7
Stealth        | 5 7 8 |  8.7
Spellcasting   | 3 4 5 |  5.0
Hexes          | 4 5 6 |  6.7

Action                     |  1- 3 |  4- 6 || total
---------------------------+-------+-------++-------
  Melee: Dagger            |    24 |    22 ||    46
         Punch             |     1 |     1 ||     2
   Cast: Ensorcelled Hiber |       |     2 ||     2
    Use: Potion            |     2 |     1 ||     3
   Stab: Sleeping          |       |     2 ||     2
 Armour: Robe              |     3 |     5 ||     8
  Dodge: Dodged            |    19 |    31 ||    50

Table legend: (Time is in decaauts)
 A = Elapsed time spent in this place.
 B = Non-inter-level travel time spent in this place.
 C = Inter-level travel time spent in this place.
 D = Time resting spent in this place.
 E = Time spent auto-exploring this place.
 F = Levels seen in this place.
 G = Mean time per level.
                   A        B        C        D        E       F      G
               +--------+--------+--------+--------+--------+-----+--------+
         Total |    201 |    201 |      0 |     82 |      0 |   1 |  201.0 |
       Dungeon |    201 |    201 |      0 |     82 |      0 |   1 |  201.0 |
               +--------+--------+--------+--------+--------+-----+--------+

Top non-repeatable levels by time:
       D: 201 daAuts
